 Dungeon Crawl Stone Soup version 0.21-a0-59-g7b0e191 (webtiles) character file.

344 xgamer67 the Skirmisher (level 6, -1/52 HPs)
             Began as a Human Gladiator on June 17, 2017.
             Slain by a goblin (3 damage)
             ... led by Robin
             ... on level 4 of the Dungeon.
             The game lasted 00:07:17 (3123 turns).

xgamer67 the Skirmisher (Human Gladiator)           Turns: 3123, Time: 00:07:17

Health: -1/52      AC: 14    Str: 16    XL:     6   Next: 89%
Magic:  6/6        EV:  8    Int:  9    God:
Gold:   190        SH:  0    Dex: 14    Spells: 4/5 levels left

rFire    . . .     SeeInvis .   a - +1 quarterstaff
rCold    . . .     Gourm    .   (shield currently unavailable)
rNeg     . . .     Faith    .   e - +0 chain mail
rPois    .         Spirit   .   c - +2 helmet
rElec    .         Reflect  .   r - +0 cloak
rCorr    .         Harm     .   n - +0 pair of gloves
MR       .....                  (no boots)
Stlth    ..........             i - amulet of inaccuracy (curse)
HPRegen  0.17/turn              o - ring of wizardry
MPRegen  0.10/turn              (no ring)

@: no status effects
A: no striking features
a: no special abilities


You were on level 4 of the Dungeon.
You were hungry.

You visited 1 branch of the dungeon, and saw 5 of its levels.
You also visited: Sewer.

You collected 190 gold pieces.

Inventory:

Hand Weapons
 a - a +1 quarterstaff (weapon)
Missiles
 d - 3 throwing nets (quivered)
 p - 2 tomahawks
Armour
 c - a +2 helmet (worn)
 e - a +0 chain mail (worn)
 k - a +0 buckler
 n - a +0 pair of gloves (worn)
 r - a +0 cloak (worn)
Jewellery
 i - a cursed amulet of inaccuracy (around neck)
 o - a ring of wizardry (left hand)
Scrolls
 j - a scroll of identify
 q - a scroll of enchant armour
Potions
 g - a potion of cancellation
 l - a potion of heal wounds
 m - a potion of curing {unknown}
Books
 h - a book of Cantrips

   Spells                             Type                      Level
   a - Confusing Touch                Hexes                        1
   b - Animate Skeleton               Necromancy                   1
   c - Summon Small Mammal            Summoning                    1
   d - Apportation                    Translocation                1
Comestibles
 b - 4 meat rations
 f - a bread ration


   Skills:
 - Level 6.0 Fighting
 - Level 3.0 Staves
 - Level 2.0 Throwing
 + Level 2.8 Armour
 - Level 3.0 Dodging


You had 4 spell levels left.
You knew the following spells:

 Your Spells              Type           Power        Failure   Level  Hunger
a - Animate Skeleton      Necr           N/A          94%         1    ##.....


Dungeon Overview and Level Annotations

Branches:
Dungeon (5/15)
 Temple: D:4-7

Altars:
Cheibriados
Dithmenos
Zin

Annotations:
D:4 Robin


Message History

The magic dart hits you!
An adder comes into view.
You barely miss something.
The orc priest invokes the aid of Beogh against you.
Beogh smites you!
* * * LOW HITPOINT WARNING * * *
You hear some strange, mumbled words.
A magic dart appears from out of thin air!
The magic dart hits you!
* * * LOW HITPOINT WARNING * * *
The goblin hits you but does no damage.
The orc priest casts a cantrip, but nothing happens.
Something hits you but does no damage. The goblin hits you but does no damage.
You miss something. Something hits you but does no damage.
The orc priest barely misses you. The goblin hits you.
* * * LOW HITPOINT WARNING * * *
You hit something.
Reactivating autopickup.
You feel a bit more experienced. The goblin hits you.
You die...

##### ##...## ##..#..###
#.)###...## # #.##
###.g####.# #####.#
##.@ogg.#
#.....##########o.##
#....###§§§......gg..
#...§##§§§§............
#....§§§§§§.###oo....##
#....#####§###........###
#....# ###..............##
#....# #....#.............
####.###....#.......)...##


You could see an orc priest, an orc, 3 hobgoblins and 2 goblins.

Vanquished Creatures
  Purgy (Sewer)
  A hound (D:4)
  2 orc priests (D:4)
  An orc wizard (D:4)
  6 adders
  An adder zombie (D:4)
  2 dart slugs
  4 leopard geckos
  3 orcs (D:4)
  7 giant cockroaches
  9 goblins
  6 hobgoblins
  4 jackals
  3 quokkas
  A ball python (D:3)
  5 bats
  6 frilled lizards
  11 kobolds
  5 rats
78 creatures vanquished.

Notes
Turn   | Place    | Note
-------+----------+-------------------------------------------
     0 | D:1      | xgamer67 the Human Gladiator began the quest for the Orb.
     0 | D:1      | Reached XP level 1. HP: 16/16 MP: 1/1
   118 | D:1      | Reached XP level 2. HP: 21/23 MP: 2/2
   252 | D:1      | Reached skill level 3 in Fighting
   406 | D:1      | Reached XP level 3. HP: 26/29 MP: 3/3
  1036 | D:2      | Found a shadowy altar of Dithmenos.
  1161 | D:2      | Learned a level 1 spell: Animate Skeleton
  1299 | D:2      | Reached skill level 4 in Fighting
  1299 | D:2      | Reached XP level 4. HP: 37/37 MP: 4/4
  1903 | D:3      | Found a glowing drain.
  1949 | Sewer    | Entered a sewer
  2002 | Sewer    | Noticed Purgy
  2026 | Sewer    | Killed Purgy
  2026 | Sewer    | Reached skill level 5 in Fighting
  2026 | Sewer    | Reached XP level 5. HP: 28/46 MP: 5/5
  2265 | D:3      | Reached XP level 6. HP: 48/52 MP: 6/6
  2396 | D:3      | Found a snail-covered altar of Cheibriados.
  2458 | D:3      | You fall through a shaft for 2 floors!
  2458 | D:5      | Entered Level 5 of the Dungeon
  2458 | D:5      | Noticed a phantom
  2731 | D:4      | Reached skill level 6 in Fighting
  2803 | D:3      | Found a glowing silver altar of Zin.
  2826 | D:4      | Reached skill level 1 in Armour
  3116 | D:4      | Noticed Robin
  3122 | D:4      | HP: 2/52 [goblin[Robin] (1)]
  3123 | D:4      | Slain by a goblin

Vault maps used:
D:1:      minmay_arrival_stone_box
D:2:      grunt_dithmenos_smoke, first_bread
D:3:      nicolae_overflow_hidden_temple, lemuel_round_altar,
          gup_sewer_entry_pipe
D:4:      uniq_robin
D:5:      cheibrodos_fertilizer, minmay_temple_entry_statues_fountains,
          nicolae_gozag_zags_fifth_avenue
Sewer:    sewer_the_crocodile

Skill      XL: |  1  2  3  4  5  6 |
---------------+-------------------+-----
Fighting       | 3 4 5 6 |  6.0
Armour         | 2 |  2.8
Staves         | |  3.0
Throwing       | |  2.0
Dodging        | |  3.0

Action                   |  1- 3 |  4- 6 || total
-------------------------+-------+-------++-------
Melee: Quarterstaff      |   141 |   289 ||   430
  Use: Scroll            |     6 |     6 ||    12
  Eat: Chunk             |     1 |     2 ||     3
       Bread ration      |       |     1 ||     1
Armor: Chain mail        |    90 |   307 ||   397
       Leather armour    |     1 |       ||     1
Dodge: Dodged            |    51 |   178 ||   229
